[Event "Team 45 45 League T23"]
[Site "Free Internet Chess Server"]
[Date "2004.06.30"]
[Round "3"]
[White "ButiOxa"]
[Black "zcomcon"]
[Result "1-0"]
[WhiteElo "1734"]
[BlackElo "1702"]
[TimeControl "2700+45"]

1. e4 e5 2. Nf3 Nc6 3. Bb5 a6 4. Ba4 Nf6 5. O-O Be7 6. Re1 b5 7. Bb3 O-O 8. c3 d6 9. h3 Bb7 10. d4 Re8 11. Nbd2 Bf8 12. Bc2 h6 13. d5 Ne7 14. a4 c5 15. Qe2 c4 16. b3 cxb3 17. Bxb3 Qd7 18. axb5 axb5 19. Ba3 Ng6 20. Bb4 Nf4 21. Qf1 Qc7 22. g3 Ng6 23. Bc2 Rxa1 24. Rxa1 Ra8 25. Rxa8 Bxa8 26. Qxb5 Qc8 27. Kg2 Bb7 28. Bd3 Nh5 29. Bf1 Nf6 30. Qc4 Qd7 31. Nb3 Qa4 32. Na5 Qd7 33. Nxb7 Qxb7 34. Nd2 Ne7 35. Bxd6 Nc8 36. Bxe5 Nd7 37. Bd4 Nd6 38. Qc6 Qxc6 39. dxc6 Nb8 40. c7 Nc6 41. Ba6 Ne7 42. Bc5 Ndc8 43. Bxe7 Nxe7 44. c8=Q Nxc8 45. Bxc8   {Black resigns} 1-0

[Event "Team 45 45 League T23"]
[Site "Free Internet Chess Server"]
[Date "2004.06.25"]
[Round "3"]
[White "FusterCluck"]
[Black "petlya"]
[Result "1/2-1/2"]
[WhiteElo "1607"]
[BlackElo "1651"]
[TimeControl "2700+45"]

1. d4 d5 2. Nf3 Nf6 3. c4 c6 4. cxd5 cxd5 5. e3 Nc6 6. a3 a6 7. Bd3 Bg4 8. h3 Bh5 9. O-O e5 10. Be2 e4 11. Nh2 Bxe2 12. Qxe2 Bd6 13. f3 O-O 14. Nc3 Bg3 15. Ng4 Nxg4 16. fxg4 Qd6 17. Bd2 Rfe8 18. Rf5 g6 19. Rxd5 Qf6 20. Rf1 Qe6 21. Be1 Bxe1 22. Qxe1 Rad8 23. Rxd8 Rxd8 24. b4 Ne7 25. Rf4 f5 26. gxf5 gxf5 27. Qg3+ Kh8 28. Rh4 Rg8 29. Qe5+ Qxe5 30. dxe5 Ng6 31. Rf4 Nxe5 32. Rxf5 Nc4 33. Nxe4 Nxe3 34. g4 Nxg4 35. hxg4 Rxg4+ 36. Kf2 Rxe4 37. Rf7 a5 38. Rxb7 axb4 39. Rxb4 Re6 40. a4 Ra6 41. Ke3 Kg7 42. Kf4 Kg6 43. Kg4 h6 44. Kh3 Kg5 45. Rb5+ Kf4 46. a5 Ke4 47. Kh4 Kd4 48. Kh5 Kc4 49. Rf5 Kb4 50. Re5 Ka4 51. Rf5 Rxa5 52. Rxa5+ Kxa5 53. Kxh6   {Neither player has mating material} 1/2-1/2

[Event "Team 45 45 League T23"]
[Site "Free Internet Chess Server"]
[Date "2004.06.23"]
[Round "3"]
[White "ggrayggray"]
[Black "fismoluni"]
[Result "1-0"]
[WhiteElo "1700"]
[BlackElo "1674"]
[TimeControl "2700+45"]

1. d4 d5 2. c4 e6 3. Nc3 Nf6 4. Bg5 Be7 5. e3 O-O 6. Nf3 Nbd7 7. Rc1 c6 8. Bd3 dxc4 9. Bxc4 Nd5 10. Bxe7 Qxe7 11. Ne4 Qb4+ 12. Qd2 Qxd2+ 13. Nfxd2 N7b6 14. Be2 Rd8 15. Nc5 Rb8 16. O-O e5 17. Nf3 exd4 18. Nxd4 Nf4 19. Bf3 Ne6 20. Ndxe6 Bxe6 21. Rfd1 Rxd1+ 22. Rxd1 Nd5 23. Kf1 Kf8 24. Nxe6+ fxe6 25. e4 Nf6 26. e5 Nd5 27. Be4 Rd8 28. Ke1 g6 29. Rd3 Kg7 30. Ra3 a6 31. Rb3 Rd7 32. Rd3 Re7 33. Rd4 g5 34. Ke2 Nb6 35. Bf3 Kg6 36. Rb4 Nd5 37. Be4+ Kg7 38. Rc4 Nb6 39. Rd4 Nd7 40. h4 h6 41. hxg5 hxg5 42. f3 Nxe5 43. Rd8 Nc4 44. Rd4 Nb6 45. Rd8 Kf6 46. Rf8+ Rf7 47. Rd8 Nd5 48. g3 Ke5 49. Rg8 g4 50. Rxg4 Nf6 51. Rg5+ Kd4 52. Bc2 Nd5 53. Rg4+ Ke5 54. Rg8 c5 55. f4+ Kd4 56. Rd8 e5 57. Bg6 Rg7 58. f5 c4 59. Bh5 Rh7 60. g4 Ke4 61. f6 Nf4+ 62. Kd2 Nxh5 63. gxh5 Kf5 64. Rd6 Rxh5 65. f7 Rh8 66. Rb6 Rf8 67. Rxb7 Kf6 68. Ra7 Rxf7 69. Rxa6+ Kf5 70. a4 Rd7+ 71. Kc3 e4 72. Ra8 e3 73. Re8 Kf4 74. a5 Kf3 75. Rf8+ Kg2 76. Re8 Kf2 77. Rf8+ Ke1 78. Re8 e2 79. Kxc4 Kd1 80. b4 e1=Q 81. Rxe1+ Kxe1 82. b5 Rc7+ 83. Kb4 Kd2 84. b6 Rb7 85. Kb5 Rh7 86. a6 Rh5+ 87. Kc4 Rh4+ 88. Kd5 Rh5+ 89. Kd4 Rh4+ 90. Kd5 Rh5+ 91. Ke4 Rh4+ 92. Kf5 Rh5+ 93. Kf4 Rh4+ 94. Kg3 Ra4 95. b7 Rb4 96. a7 Rxb7 97. a8=Q Rb3+ 98. Kf2 Rd3 99. Qa5+ Rc3 100. Qg5+ Kc2 101. Ke2 Kb3 102. Qb5+ Kc2 103. Qa4+ Kb2 104. Kd2 Rb3 105. Qd4+ Ka3 106. Kc2   {Black resigns} 1-0

[Event "Team 45 45 League T23"]
[Site "Free Internet Chess Server"]
[Date "2004.06.25"]
[Round "3"]
[White "Jabo"]
[Black "reformed"]
[Result "0-1"]
[WhiteElo "1442"]
[BlackElo "1587"]
[TimeControl "2700+45"]

1. e4 c5 2. Nf3 d6 3. Bc4 Nc6 4. c3 g6 5. d4 cxd4 6. cxd4 e6 7. d5 exd5 8. Bxd5 Bg7 9. Nc3 Nf6 10. Qb3 O-O 11. O-O Nxd5 12. exd5 Ne5 13. Nb5 Nxf3+ 14. Qxf3 a6 15. Nc3 Bf5 16. Re1 Qa5 17. Bf4 Qb6 18. b3 Rac8 19. Rac1 Qb4 20. Ne4 Rxc1 21. Rxc1 Bxe4 22. Qg3 Bxd5 23. Bxd6 Qd2 24. Qe3 Qxe3 25. fxe3 Re8 26. Kf2 Rd8 27. Be7 Re8 28. Rd1 Bxg2 29. Kxg2 Rxe7 30. Rd8+ Bf8 31. Kf3 Rc7 32. h3 Kg7 33. Ke4 Rc2 34. Rd7 b5 35. a4 bxa4 36. bxa4 Rc4+ 37. Rd4 Rxd4+ 38. Kxd4 a5 39. Kc4 Bb4 40. e4 Kf6 41. Kd5 h5 42. Kd4 Kg5 43. e5 Kh4 44. Kd5 Kxh3 45. e6 fxe6+ 46. Kxe6 g5 47. Kf5 g4 48. Kg5 h4 49. Kf4 g3 50. Kf3 Kh2   {White resigns} 0-1

[Event "Team 45 45 League T23"]
[Site "Free Internet Chess Server"]
[Date "2004.06.25"]
[Round "3"]
[White "Zakath"]
[Black "TStrobaugh"]
[Result "0-1"]
[WhiteElo "1400"]
[BlackElo "1427"]
[TimeControl "2700+45"]

1. d4 Nf6 2. c4 d5 3. Nc3 dxc4 4. Qa4+ Nc6 5. Nf3 Bg4 6. d5 Nxd5 7. Qxc4 Ncb4 8. Nxd5 Qxd5 9. Qxb4 e6 10. Qd4 Bxf3 11. Qxd5 Bxd5 12. Bf4 Bd6 13. Bxd6 cxd6 14. f3 O-O 15. e4 Bc6 16. Bc4 d5 17. Bb3 dxe4 18. fxe4 Bxe4 19. O-O Rad8 20. Rae1 Bd3 21. Rf3 b5 22. a4 Bc4 23. Bc2 Rd2 24. b3 Bd5 25. Be4 Bxe4 26. Rxe4 bxa4 27. Rxa4 Rc8 28. Rxa7 h5 29. b4 f6 30. b5 Rcc2 31. h3 Rxg2+ 32. Kh1 Rh2+ 33. Kg1 Rcg2+ 34. Kf1 Rb2 35. Kg1 Rhc2 36. Ra8+ Kh7 37. Ra1 Rxb5 38. Rf2 Rg5+ 39. Kf1 Rf5 40. Rxf5 exf5 41. Re1 Rh2   {White resigns} 0-1

[Event "Team 45 45 League T23"]
[Site "Free Internet Chess Server"]
[Date "2004.06.24"]
[Round "3"]
[White "peepn"]
[Black "Hrenoff"]
[Result "0-1"]
[WhiteElo "1983"]
[BlackElo "1977"]
[TimeControl "2700+45"]

1. e4 Nf6 2. e5 Nd5 3. d4 d6 4. Nf3 Bg4 5. Be2 Nc6 6. O-O e6 7. c4 Nb6 8. exd6 cxd6 9. d5 exd5 10. cxd5 Bxf3 11. gxf3 Ne5 12. Bb5+ Nbd7 13. Re1 Be7 14. f4 Ng6 15. f5 Ne5 16. Nc3 a6 17. Bxd7+ Nxd7 18. Bg5 f6 19. Qh5+ Kf8 20. Bd2 Qe8 21. Qh3 Qf7 22. Re3 Ne5 23. Rae1 Bd8 24. f4 Nc4 25. Re8+ Qxe8 26. Rxe8+ Kxe8 27. Bc1 Kf7 28. Qh5+ g6 29. fxg6+ hxg6 30. Qe2 Re8 31. Qxc4 Re1+ 32. Kf2 Rxc1 33. Qb4 Be7 34. Qxb7 Rh8 35. Ne4 Rxh2+ 36. Kg3 Rcc2 37. Nxd6+ Kf8 38. Ne4 f5 39. Ng5 Rcg2+ 40. Kf3 Rf2+ 41. Ke3 Bc5+ 42. Kd3 Rd2+ 43. Kc4 Rc2+ 44. Kb3 Rxb2+ 45. Kc4 Rxb7 46. Kxc5 Rc2+ 47. Kd6 Rxa2 48. Ne6+ Ke8 49. Kc6 Re7 50. Nc5 Rc2 51. Kd6 Rxc5 52. Kxc5 a5   {White resigns} 0-1

[Event "Team 45 45 League T23"]
[Site "Free Internet Chess Server"]
[Date "2004.06.27"]
[Round "3"]
[White "MrRabbit"]
[Black "Kirath"]
[Result "1-0"]
[WhiteElo "2018"]
[BlackElo "2027"]
[TimeControl "2700+45"]

1. e4 c5 2. Nc3 d6 3. Nf3 Nf6 4. d3 Nc6 5. g3 g6 6. Bg2 Bg7 7. O-O O-O 8. Bg5 h6 9. Be3 Qb6 10. Rb1 Ng4 11. Bd2 Be6 12. a3 a5 13. Nd5 Qd8 14. Bc3 Nf6 15. Nxf6+ exf6 16. Qd2 b5 17. Qc1 b4 18. Bd2 Kh7 19. Bf4 Qc7 20. c3 f5 21. Qd2 fxe4 22. dxe4 Rfd8 23. Rfd1 Ne5 24. cxb4 axb4 25. axb4 Bb3 26. Re1 Ra2 27. Bxe5 dxe5 28. Qc3 c4 29. Bf1   {Black resigns} 1-0

[Event "Team 45 45 League T23"]
[Site "Free Internet Chess Server"]
[Date "2004.06.24"]
[Round "3"]
[White "Krasty"]
[Black "Rais"]
[Result "1/2-1/2"]
[WhiteElo "1894"]
[BlackElo "1887"]
[TimeControl "2700+45"]

1. e4 c5 2. f4 d5 3. exd5 Qxd5 4. Nc3 Qd8 5. Nf3 Nf6 6. Ne5 Nbd7 7. d4 e6 8. Be3 Nxe5 9. fxe5 Nd5 10. Nxd5 Qxd5 11. Bb5+ Bd7 12. Bxd7+ Qxd7 13. dxc5 Qc7 14. Qd4 Rc8 15. b4 Rd8 16. Qe4 g6 17. O-O Bg7 18. Bf4 O-O 19. Bg5 Rd5 20. Bf6 Qd7 21. c4 Rd4 22. Qe2 Rd2 23. Rad1 Qd4+ 24. Kh1 Rxe2 25. Rxd4 Bxf6 26. exf6 Rxa2 27. Rd7 Rc2 28. Rxb7 Rxc4 29. g3 Rd8 30. Rb1 h5 31. b5 Rd2 32. c6 Rcc2 33. c7 Rxh2+ 34. Kg1 Rhg2+ 35. Kh1 Rh2+ 36. Kg1 Rhg2+   {Game drawn by mutual agreement} 1/2-1/2

[Event "Team 45 45 League T23"]
[Site "Free Internet Chess Server"]
[Date "2004.06.26"]
[Round "3"]
[White "GradyP"]
[Black "ground"]
[Result "1/2-1/2"]
[WhiteElo "1761"]
[BlackElo "1643"]
[TimeControl "2700+45"]

1. e4 e5 2. Nf3 Nc6 3. Bb5 Qf6 4. Nc3 Nge7 5. d3 h6 6. a3 Nd4 7. Nxd4 exd4 8. Ne2 a6 9. Bc4 b5 10. Bb3 Bb7 11. O-O Ng6 12. c3 dxc3 13. Nxc3 Bd6 14. d4 Bf4 15. Nd5 Bxd5 16. Bxd5 c6 17. e5 Qf5 18. Bf3 Bg5 19. Bg4 Qe4 20. Re1 Qd5 21. b4 Nh4 22. Bh3 a5 23. Bb2 O-O 24. Qg4 f5 25. exf6 Rxf6 26. Qxd7 Nf3+ 27. gxf3 Qxf3 28. Be6+ Kh7 29. Rf1 Bh4 30. Bg4 Bxf2+ 31. Rxf2 Qxf2+ 32. Kh1 Qxb2 33. Rg1 Rg8 34. Be6 Rff8 35. Bxg8+ Rxg8 36. bxa5 Qxa3 37. Qxc6 Qxa5 38. d5 b4 39. d6 b3 40. d7 Qd2 41. h3 b2 42. Qe4+ Kh8 43. Qc6 Qd3 44. Qe6 b1=Q 45. Rxb1 Qxb1+ 46. Kg2 Qc2+ 47. Kg3 Qd3+ 48. Kg4 Kh7 49. Qf5+ Qxf5+ 50. Kxf5 Rd8 51. Ke6 Rxd7 52. Kxd7 Kg6 53. Ke6 Kg5 54. Kf7 g6 55. Kg7 Kh5 56. Kf6 g5 57. Kg7 Kh4 58. Kxh6 g4 59. hxg4 Kxg4   {Neither player has mating material} 1/2-1/2

[Event "Team 45 45 League T23"]
[Site "Free Internet Chess Server"]
[Date "2004.06.25"]
[Round "3"]
[White "chesswake"]
[Black "adingod"]
[Result "0-1"]
[WhiteElo "1599"]
[BlackElo "1845"]
[TimeControl "2700+45"]

1. d4 Nf6 2. Nf3 g6 3. h3 Bg7 4. Bf4 O-O 5. e3 c5 6. c3 Qb6 7. Qc2 d5 8. Nbd2 cxd4 9. cxd4 Nh5 10. Be5 Nf6 11. Bd3 Nc6 12. O-O Nxe5 13. Nxe5 Nd7 14. f4 Nxe5 15. fxe5 f6 16. exf6 exf6 17. Qb3 Qxb3 18. Nxb3 f5 19. Nc5 f4 20. Nb3 fxe3 21. Rxf8+ Kxf8 22. Kf1 a5 23. a4 b6 24. Ke2 Bh6 25. Rf1+ Ke7 26. Bb5 Be6 27. Rf3 Rc8 28. Bd3 Bd7 29. Bb5 Bxb5+ 30. Ke1 Bxa4   {White resigns} 0-1

[Event "Team 45 45 League T23"]
[Site "Free Internet Chess Server"]
[Date "2004.06.26"]
[Round "3"]
[White "BIRDSMAN"]
[Black "welshblitzer"]
[Result "1-0"]
[WhiteElo "1521"]
[BlackElo "1500"]
[TimeControl "2700+45"]

1. e4 c5 2. d4 cxd4 3. Nf3 Nc6 4. Nxd4 e5 5. Nf3 Be7 6. Nc3 Nf6 7. Bb5 a6 8. Bxc6 bxc6 9. Nxe5 O-O 10. O-O d6 11. Nf3 Bg4 12. Re1 h6 13. Be3 Qc7 14. Qd2 Bxf3 15. gxf3 Kh7 16. b3 Rg8 17. Qd3 g5 18. Kh1 Rg6 19. Rg1 Nh5 20. Ne2 Rag8 21. Ng3 Nxg3+ 22. Rxg3 d5 23. exd5 Bd6 24. Rg2 Be5 25. Rd1 g4 26. fxg4 Kh8 27. Rdg1 Bf4 28. Bxf4 Qxf4 29. Qg3 Qe4 30. Qc3+ Kh7 31. Qc4 Qf3 32. Qd3 Qf4 33. Qf5 Qc7 34. c4 cxd5 35. Qxd5 Rg5 36. Qe4+ Kh8 37. Qd4+ R8g7 38. Rd1 Kh7 39. Qd3+ R7g6 40. h4 Rxg4 41. Rxg4 Qc6+ 42. Qe4 Qf6 43. Rxg6 fxg6 44. Rd7+ Kg8 45. Qd5+ Kf8 46. Qf7+ Qxf7 47. Rxf7+ Kxf7 48. Kg2 Ke6 49. Kf3 Kf5 50. b4 g5 51. hxg5 Kxg5 52. Kg3 h5 53. b5 h4+ 54. Kh3 axb5 55. c5 Kf5 56. c6 Ke6 57. Kxh4 Kd6 58. f4 Kxc6 59. f5 Kd6 60. Kg5 Ke7 61. Kg6 Kf8 62. Kf6 Kg8 63. Ke7 Kg7 64. f6+ Kg8 65. f7+ Kg7 66. f8=Q+   {Black resigns} 1-0

[Event "Team 45 45 League T23"]
[Site "Free Internet Chess Server"]
[Date "2004.06.24"]
[Round "3"]
[White "KlassAct"]
[Black "Triplea"]
[Result "1-0"]
[WhiteElo "1456"]
[BlackElo "1248"]
[TimeControl "2700+45"]

1. e4 e5 2. Nf3 Nc6 3. Bc4 Bc5 4. d3 d6 5. Nc3 Be6 6. Nd5 Nge7 7. O-O Nd4 8. c3 Nxd5 9. cxd4 Bxd4 10. exd5 Bg4 11. h3 Bh5 12. Qe2 O-O 13. Qe4 c5 14. dxc6 bxc6 15. Qxc6 Re8 16. Qd5 Qf6 17. Nxd4 exd4 18. Qxh5 Re5 19. Qd1 Rae8 20. Bd2 d5 21. Bb5 R8e7 22. Qa4 Re2 23. Rac1 Rxd2 24. Rc8+ Re8 25. Rxe8#   {Black checkmated} 1-0

[Event "Team 45 45 League T23"]
[Site "Free Internet Chess Server"]
[Date "2004.06.27"]
[Round "3"]
[White "threeNT"]
[Black "bkcoop"]
[Result "1-0"]
[WhiteElo "1653"]
[BlackElo "1742"]
[TimeControl "2700+45"]

1. e4 e5 2. Nf3 Nc6 3. Bb5 a6 4. Ba4 Nf6 5. O-O b5 6. Bb3 Be7 7. Re1 O-O 8. c3 d5 9. exd5 Nxd5 10. Nxe5 Nxe5 11. Rxe5 c6 12. d4 Bd6 13. Re1 Qh4 14. g3 Qh3 15. Qf3 Bg4 16. Qg2 Qh5 17. Be3 Bf3 18. Qf1 Nxe3 19. Rxe3 Rae8 20. Rxe8 Rxe8 21. Nd2 Re2 22. Nxf3 Qxf3 23. Bd1   {Black resigns} 1-0

[Event "Team 45 45 League T23"]
[Site "Free Internet Chess Server"]
[Date "2004.06.28"]
[Round "3"]
[White "jikes"]
[Black "Chessface"]
[Result "1-0"]
[WhiteElo "1708"]
[BlackElo "1656"]
[TimeControl "2700+45"]

1. e4 c5 2. Nf3 Nc6 3. d4 cxd4 4. Nxd4 Nf6 5. Nc3 e5 6. Ndb5 d6 7. Bg5 a6 8. Na3 b5 9. Nd5 Qa5+ 10. Bd2 Qd8 11. Nxf6+ Qxf6 12. c3 Be7 13. Nc2 Qg6 14. Qf3 O-O 15. Be2 f5 16. Bd3 f4 17. h3 Be6 18. Nb4 Nxb4 19. cxb4 Rac8 20. O-O Qh6 21. Rfc1 g5 22. Bc2 g4 23. hxg4 Bxg4 24. Qxg4+ Kh8 25. Bb3 Rxc1+ 26. Rxc1 Rf6 27. Qg8#   {Black checkmated} 1-0

[Event "Team 45 45 League T23"]
[Site "Free Internet Chess Server"]
[Date "2004.06.25"]
[Round "3"]
[White "wook"]
[Black "Rob"]
[Result "0-1"]
[WhiteElo "1526"]
[BlackElo "1825"]
[TimeControl "2700+45"]

1. e4 d5 2. exd5 Qxd5 3. Nc3 Qa5 4. d4 Nf6 5. Bc4 c6 6. Bd2 Bf5 7. Nd5 Qd8 8. Nxf6+ gxf6 9. Bf4 Qb6 10. Bb3 a5 11. a4 Rg8 12. Ne2 e5 13. dxe5 Rxg2 14. Rf1 Bc5 15. Bg3 Nd7 16. exf6 Ne5 17. Nf4 Bxf2+ 18. Bxf2 Qb4+ 19. c3 Qxf4 20. Bc2 Bxc2 21. Qxc2 Nf3+ 22. Kd1 O-O-O+ 23. Ke2 Rd2+ 24. Qxd2 Nxd2 25. Rfe1 Rxf2+ 26. Kd1 Nc4 27. Re8+ Kd7 28. Re7+ Kd8 29. Rxf7 Rxh2 30. Rf8+ Kc7 31. Rf7+ Kb6 32. Re7 Qxf6 33. Re1 Nxb2+ 34. Kc1 Nd3+ 35. Kd1 Qxc3   {White resigns} 0-1

[Event "Team 45 45 League T23"]
[Site "Free Internet Chess Server"]
[Date "2004.06.24"]
[Round "3"]
[White "lamtarra"]
[Black "petlya"]
[Result "0-1"]
[WhiteElo "1476"]
[BlackElo "1642"]
[TimeControl "2700+45"]

1. e4 e5 2. d3 d5 3. Nd2 dxe4 4. Nxe4 h6 5. Nf3 Nc6 6. g3 Bg4 7. Bg2 Nf6 8. O-O Nxe4 9. dxe4 Qxd1 10. Rxd1 Bd6 11. Be3 O-O 12. h3 Bh5 13. g4 Bg6 14. Nh4 Bh7 15. g5 hxg5 16. Bxg5 f6 17. Be3 Ne7 18. Rd2 g5 19. Nf5 Nxf5 20. exf5 Bxf5 21. Rad1 e4 22. Rd5 Bh7 23. Rb5 b6 24. Rbd5 Rab8 25. b3 Rbd8 26. c4 Be7 27. Rxd8 Rxd8 28. Rxd8+ Bxd8 29. c5 b5 30. c6 a5 31. Kf1 f5 32. Ke2 Kf7 33. f3 Ke6 34. fxe4 fxe4 35. Kf2 Kd6 36. Kg3 Kxc6 37. Kg4 Kd5 38. Bxg5 Bxg5 39. Kxg5 c5 40. Kh6 Bf5 41. h4 Ke5 42. Kg5 c4 43. h5 c3 44. h6 c2   {White resigns} 0-1

[Event "Team 45 45 League T23"]
[Site "Free Internet Chess Server"]
[Date "2004.06.28"]
[Round "3"]
[White "JayH"]
[Black "Phendrana"]
[Result "0-1"]
[WhiteElo "1479"]
[BlackElo "1412"]
[TimeControl "2700+45"]

1. e4 e6 2. d4 d5 3. e5 c5 4. Nf3 Nc6 5. Be3 Qb6 6. b3 f6 7. a4 Qa5+ 8. Bd2 Qb6 9. Bb5 cxd4 10. exf6 Nxf6 11. Ne5 Bc5 12. O-O O-O 13. Nxc6 bxc6 14. Bd3 e5 15. Qe1 e4 16. Ba5 Qb7 17. Be2 Bb6 18. Bd2 Ng4 19. f3 exf3 20. gxf3 d3+ 21. Kg2 dxe2 22. Qxe2 Qa6 23. Qxa6 Bxa6 24. Re1 Bf2 25. Re6 Rae8 26. Rxe8 Rxe8 27. fxg4 Re2 28. Kf3 Bd4 29. c3 Be5 30. Ra2 Rxh2 31. a5 Rh3+ 32. Kg2 Rh2+ 33. Kg1 Bd3 34. Rb2 Bxb1 35. Rxb1 Rxd2 36. Re1 Bxc3 37. Rc1 Bd4+ 38. Kf1 c5 39. Ke1 Rg2 40. Kd1 Rxg4 41. Rc2 h5 42. Re2 h4 43. Re8+ Kf7 44. Ra8 c4 45. b4 h3 46. Rh8 Rg3 47. b5 c3 48. b6 axb6 49. axb6 Bxb6 50. Rb8   {White resigns} 0-1

[Event "Team 45 45 League T23"]
[Site "Free Internet Chess Server"]
[Date "2004.06.25"]
[Round "3"]
[White "paultopia"]
[Black "manyhorses"]
[Result "1-0"]
[WhiteElo "1343"]
[BlackElo "1282"]
[TimeControl "2700+45"]

1. e4 d5 2. exd5 Qxd5 3. Nc3 Qe6+ 4. Qe2 Qxe2+ 5. Ngxe2 Bd7 6. b3 Na6 7. Bb2 Nb4 8. Nd4 O-O-O 9. a3 Nc6 10. Ncb5 Kb8 11. Bc4 Nh6 12. a4 e5 13. Nxc6+ Bxc6 14. d3 Bxg2 15. Rg1 Bh3 16. Bxe5 Re8 17. d4 Bb4+ 18. Kd1 Ng4 19. Bxc7+ Kc8 20. Bxf7 Nxf2+ 21. Kc1 Re2 22. c3 Nd3+ 23. Kd1 Nf4 24. Bxf4 Rf2 25. cxb4 Rxf4 26. Rc1+ Kd8 27. Rxg7 Rf1+ 28. Kd2 Rf2+ 29. Ke3 Rxh2 30. Rg8+ Rxg8 31. Bxg8 Bf5 32. Nd6 Rh3+ 33. Kf4 Bd7 34. Nxb7+ Ke7 35. Re1+ Kf8 36. Bc4 Rh4+ 37. Kg5 Rxd4 38. Nc5 Rg4+ 39. Kh5 Kg7 40. Be6 Rxb4 41. Bxd7 Rd4 42. Ne6+ Kf6 43. Nxd4   {Black resigns} 1-0

[Event "Team 45 45 League T23"]
[Site "Free Internet Chess Server"]
[Date "2004.06.26"]
[Round "3"]
[White "chesstalker"]
[Black "blkmagic"]
[Result "1-0"]
[WhiteElo "1284"]
[BlackElo "1170"]
[TimeControl "2700+45"]

1. d4 d5 2. c4 dxc4 3. Nc3 Nc6 4. d5 Nb4 5. a3 c5 6. axb4 cxb4 7. Qa4+ Bd7 8. Qxb4 Qc8 9. e4 e6 10. d6 f5 11. Bxc4 b5 12. Bxb5 Bxb5 13. Nxb5 Nf6 14. Nc7+ Kf7 15. Nxa8 Qxa8 16. f3 Qc8 17. Rxa7+ Nd7 18. Rc7 Qb8 19. Rxd7+   {Black resigns} 1-0

[Event "Team 45 45 League T23"]
[Site "Free Internet Chess Server"]
[Date "2004.06.29"]
[Round "3"]
[White "bikerboys"]
[Black "senorquinn"]
[Result "1-0"]
[WhiteElo "1524"]
[BlackElo "1447"]
[TimeControl "2700+45"]

1. e4 c5 2. Nf3 e6 3. d4 cxd4 4. Nxd4 Nf6 5. Nc3 a6 6. Bg5 Be7 7. Qf3 d5 8. e5 Nfd7 9. Bxe7 Qxe7 10. Qf4 Nc6 11. Nxc6 bxc6 12. O-O-O O-O 13. Bd3 Rb8 14. Rde1 f6 15. Qh4 Rf7 16. Qxh7+ Kf8 17. Qh8#   {Black checkmated} 1-0

[Event "Team 45 45 League T23"]
[Site "Free Internet Chess Server"]
[Date "2004.06.27"]
[Round "3"]
[White "Anarkyyst"]
[Black "KlassAct"]
[Result "0-1"]
[WhiteElo "1309"]
[BlackElo "1451"]
[TimeControl "2700+45"]

1. d4 g6 2. c4 Bg7 3. Nf3 Nf6 4. Bg5 d5 5. Nc3 dxc4 6. e4 Bg4 7. Bxf6 Bxf6 8. e5 Bg7 9. Bxc4 e6 10. Qb3 b6 11. Ng5 Qxg5 12. f3 Bf5 13. g4 Qe3+ 14. Be2 Bd3 15. Qd1 Bxe2 16. Qxe2 Qxd4 17. Nb5 Qb4+ 18. Nc3 O-O 19. O-O Qc5+ 20. Kg2 Qxe5 21. Qxe5 Bxe5 22. f4 Bxc3 23. bxc3 c5 24. Rfd1 Nc6 25. a4 Rfd8 26. Rxd8+ Rxd8 27. Kf3 Rd3+ 28. Ke4 Rxc3 29. Rd1 Rc4+ 30. Kf3 Rd4 31. Rxd4 Nxd4+ 32. Ke3 f6 33. Kd3 a6 34. Kc4 Ne2   {White resigns} 0-1

[Event "Team 45 45 League T23"]
[Site "Free Internet Chess Server"]
[Date "2004.06.24"]
[Round "3"]
[White "Triplea"]
[Black "nightryder"]
[Result "0-1"]
[WhiteElo "1244"]
[BlackElo "1397"]
[TimeControl "2700+45"]

1. e4 d5 2. exd5 Qxd5 3. Nc3 Qc6 4. d4 Nf6 5. Bg5 Nd5 6. Nxd5 Qxd5 7. Nf3 h6 8. Be3 Bf5 9. Bd3 Bg4 10. c4 Qd6 11. h3 Bxf3 12. gxf3 Qb4+ 13. Qd2 Nc6 14. O-O-O Qxd2+ 15. Bxd2 Nxd4 16. Be4 c6 17. Be3 e5 18. Bxd4 exd4 19. Rxd4 Bc5 20. Rd2 O-O 21. Rhd1 Rac8 22. Rd7 b5 23. Rxa7 Bxa7 24. cxb5 cxb5+ 25. Kb1 f5 26. Bd5+ Kh7 27. Rd3 Rfe8 28. Bb7 Re1+ 29. Rd1 Rxd1#   {White checkmated} 0-1

[Event "Team 45 45 League T23"]
[Site "Free Internet Chess Server"]
[Date "2004.06.26"]
[Round "3"]
[White "Cherville"]
[Black "jerryrab"]
[Result "0-1"]
[WhiteElo "1184"]
[BlackElo "1140"]
[TimeControl "2700+45"]

1. d4 d5 2. Nf3 h6 3. e3 g6 4. Bd3 Bg7 5. c3 Nf6 6. O-O O-O 7. c4 c6 8. c5 Bg4 9. Be2 Bf5 10. Nc3 Nbd7 11. Qb3 Rb8 12. Bd2 b6 13. cxb6 Rxb6 14. Nb5 a6 15. Ba5 axb5 16. Bxb6 Qxb6 17. Rac1 Ne4 18. Ne1 Nd2 19. Qa3 Bf6 20. Nf3 Nxf1 21. Bxf1 b4 22. Qa4 c5 23. dxc5 Nxc5 24. Qd1 Bxb2 25. Rxc5 Qxc5 26. Qd2 Bc3 27. Qc1 Qa5 28. Qd1 e6 29. Qb3 Qa3 30. Qxa3 bxa3 31. h3 Rb8 32. Kh2 g5 33. Ng1 Rb1 34. Ba6 Rb2 35. Kg3 Rxa2 36. h4 gxh4+ 37. Kxh4 Rxf2 38. Ne2 Rxg2 39. Nxc3 Rc2 40. Nb5 a2 41. Kh5 a1=Q 42. Bc8 Rxc8   {White resigns} 0-1

[Event "Team 45 45 League T23"]
[Site "Free Internet Chess Server"]
[Date "2004.06.26"]
[Round "3"]
[White "ktwag"]
[Black "maeck"]
[Result "0-1"]
[WhiteElo "1817"]
[BlackElo "1945"]
[TimeControl "2700+45"]

1. e4 Nf6 2. e5 Nd5 3. d4 Nb6 4. Bd3 d5 5. Nf3 Bg4 6. O-O e6 7. h3 Bh5 8. Nbd2 c5 9. dxc5 Bxc5 10. Nb3 Be7 11. Nbd4 a6 12. c3 Nc6 13. Qc2 Bg6 14. Bxg6 hxg6 15. Bf4 Qc7 16. Nxc6 bxc6 17. b3 c5 18. c4 d4 19. Qe4 Rb8 20. Bg5 Rh5 21. Bxe7 Kxe7 22. Rfe1 Nd7 23. h4 Qb7 24. Qxb7 Rxb7 25. g4 Rh8 26. Kg2 f5 27. g5 Nb8 28. Kg3 Nc6 29. Rad1 a5 30. Nd2 Ra8 31. Rb1 Nb4 32. a4 Na2 33. f3 Nc3 34. Rbc1 Rh8 35. Kh3 Na2 36. Ra1 Nb4 37. Rh1 Nd3 38. Rhf1 Nxe5 39. f4 Ng4 40. Kg3 Ne3 41. Rf2 Kd6 42. Re2 Ng4 43. Rae1 Re8 44. Rb1 e5 45. fxe5+ Rxe5 46. Rxe5 Nxe5 47. Kf4 Rb8 48. Nf3 Nxc4 49. h5 gxh5 50. Kxf5 Rf8+ 51. Kg6 Rxf3 52. bxc4 Rg3 53. Kxh5 d3 54. Kg6 Ke5 55. Rb7 Kd4 56. Rxg7 Kxc4 57. Kf5 d2 58. Rd7 Rd3   {White resigns} 0-1

[Event "Team 45 45 League T23"]
[Site "Free Internet Chess Server"]
[Date "2004.06.26"]
[Round "3"]
[White "xivarmy"]
[Black "Lofoten"]
[Result "0-1"]
[WhiteElo "1900"]
[BlackElo "1749"]
[TimeControl "2700+45"]

1. e4 e5 2. d4 exd4 3. c3 dxc3 4. Bc4 c2 5. Qxc2 d6 6. Nf3 Be7 7. O-O Nf6 8. e5 dxe5 9. Rd1 Nbd7 10. Nxe5 O-O 11. Nxf7 Rxf7 12. Qb3 Qe8 13. Nc3 Ne5 14. Bxf7+ Qxf7 15. Qc2 Bg4 16. f3 Bc5+ 17. Kf1 Be6 18. b3 Nfg4 19. Qe4 Nxh2+ 20. Ke2 Nhg4 21. Rf1 Bf5 22. Qxb7 Re8 23. Ne4 Nh2 24. Rh1 Bxe4 25. fxe4 Qf2+   {White resigns} 0-1

[Event "Team 45 45 League T23"]
[Site "Free Internet Chess Server"]
[Date "2004.06.28"]
[Round "3"]
[White "JohnR"]
[Black "MidKnightBlue"]
[Result "0-1"]
[WhiteElo "1784"]
[BlackElo "1745"]
[TimeControl "2700+45"]

1. d4 Nf6 2. Nf3 g6 3. e3 Bg7 4. Bd3 d6 5. O-O O-O 6. Nbd2 Nc6 7. c3 e5 8. Re1 Re8 9. Qc2 Nd7 10. Ne4 d5 11. Neg5 e4 12. Nxe4 dxe4 13. Bxe4 Ne7 14. Bd3 f5 15. Ng5 Nd5 16. e4 Bh6 17. Nf7 Kxf7 18. Bxh6 fxe4 19. Bxe4 N7f6 20. Bg5 Qd6 21. Bxd5+ Qxd5 22. Rxe8 Nxe8 23. Qd2 Bd7 24. Re1 Kg8 25. b3 Nd6 26. c4 Qf5 27. Re5 Qf8 28. Re7 Bf5 29. Rxc7 Re8 30. Bh6 Qxh6   {White resigns} 0-1

[Event "Team 45 45 League T23"]
[Site "Free Internet Chess Server"]
[Date "2004.06.25"]
[Round "3"]
[White "KymF"]
[Black "JNBrow"]
[Result "1-0"]
[WhiteElo "2096"]
[BlackElo "1708"]
[TimeControl "2700+45"]

1. d4 d5 2. c4 c6 3. Nf3 Nf6 4. Nc3 e6 5. Bg5 Nbd7 6. cxd5 cxd5 7. e3 Be7 8. Bd3 O-O 9. O-O Nb6 10. Ne5 Bd7 11. Qf3 h6 12. Bh4 Nh7 13. Bg3 Bc6 14. Nxc6 bxc6 15. Rac1 Bd6 16. Rc2 Nf6 17. Ne2 Rc8 18. Rfc1 Qd7 19. Bh4 Be7 20. Ba6 Rc7 21. Nf4 g5 22. Bg3 gxf4 23. Bxf4 Ne4 24. Bxc7 Qxc7 25. Rxc6 Qb8 26. Qg4+ Kh8 27. Qh3 Kh7 28. Rc7 Bd6 29. Rb7 Qd8 30. Qxe6 Bxh2+ 31. Kxh2 Qh4+ 32. Qh3 Qxf2 33. Rf1   {Black resigns} 1-0